 Dungeon Crawl Stone Soup version 0.27.1-3-gb3d3a73c9e (webtiles) character file.

Game seed: 1025980029252893395

126 barney the Changer (level 4, 0/35 HPs)
             Began as a Draconian Transmuter on Oct 5, 2021.
             Slain by an orc priest (6 damage)
             ... on level 3 of the Dungeon.
             The game lasted 00:03:36 (4850 turns).

barney the Changer (Draconian Transmuter)           Turns: 4850, Time: 00:03:37

Health: 0/35       AC:  5    Str: 12    XL:     4   Next: 84%
Magic:  3/7        EV: 12    Int: 14    God:
Gold:   126        SH:  0    Dex: 12    Spells: 1/7 levels left

rFire    . . .     SeeInvis .     - Unarmed
rCold    . . .     Faith    .   (no shield)
rNeg     . . .     Spirit   .   (armour unavailable)
rPois    .         Reflect  .   (helmet restricted)
rElec    .         Harm     .   (no cloak)
rCorr    .         Rampage  .   (no gloves)
Will     .....                  (no boots)
Stlth    ++........             (no amulet)
HPRegen  0.11/turn              (no ring)
MPRegen  0.10/turn              (no ring)

@: confused
A: AC +5, unfitting armour, cold-blooded, camouflage 1, deterioration 1, wild
magic 1
a: no special abilities


You were on level 3 of the Dungeon.
You visited 1 branch of the dungeon, and saw 4 of its levels.

You collected 126 gold pieces.

Inventory:

Magical Staves
 i - a staff of earth
Scrolls
 b - 6 scrolls of identify {unknown}
 c - a scroll of magic mapping {unknown}
 h - a scroll of fear {unknown}


   Skills:
 - Level 1.1 Fighting
 - Level 1.7 Dodging
 - Level 3.0 Unarmed Combat
 - Level 2.0 Spellcasting
 + Level 5.1 Transmutations


You had one spell level left.
You knew the following spells:

 Your Spells              Type           Power      Damage    Failure   Level
a - Beastly Appendage     Tmut           40%        N/A       5%          1
b - Spider Form           Tmut/Pois      5%         N/A       34%         3
c - Wereblood             Tmut           20%        N/A       7%          2

Your spell library contained the following spells:

 Spells                   Type           Power      Damage    Failure   Level
 Gell's Gravitas          Tloc           0%         N/A       65%         3
 Teleport Other           Tloc           1%         N/A       65%         3
 Ice Form                 Ice/Tmut       11%        N/A       71%         4
 Dispersal                Tloc           0%         N/A       100%        6


Dungeon Overview and Level Annotations

Branches:
Dungeon (4/15)
 Temple: D:4-7

Altars:

Shops:
D:2 *

Annotations:
D:4 Robin


Innate Abilities, Weirdness & Mutations

Your plain brown scales are hard. (AC +5)
You cannot fit into any form of body armour.
You are cold-blooded and may be slowed by cold attacks.
Your skin changes colour to match your surroundings (Stealth+).
Your body sometimes deteriorates upon taking damage.
Your spells are a little harder to cast, but a little more powerful.


Message History

There is an entrance to a sewer on this level.
Hurry and find it before the portal rusts away!
There is a stone staircase leading up here.
The goblin closely misses you.
A goblin comes into view. It is wielding a +0 club.
The goblin shouts!
The gnoll shouts!
You hit the goblin.
You kill the goblin!
You hear a shout! x2
A goblin comes into view. It is wielding a +0 dagger.
The orc priest calls down the wrath of Beogh upon you.
Beogh smites you! The orc wizard casts a spell at you.
You are confused.
Robin of the Strong Arm comes into view.
They are wielding a +2 trident of protection.
Robin shouts!
Things that are here:
a +0 club; a goblin corpse The orc priest mumbles some strange prayers to Beogh against you.
Beogh smites you!
There is a stone staircase leading up here.
You aren't carrying any potions.
You hear the drain falling apart.
Your transformation has ended.
The orc priest invokes the aid of Beogh against you.
Pain shoots through your body!
* * * LOW HITPOINT WARNING * * *
The orc wizard hits you with a +2 dagger of holy wrath.
* * * LOW HITPOINT WARNING * * *
Robin throws the goblin at you!
The goblin shouts!
You climb upwards.
There is a stone staircase leading down here.
You aren't carrying any potions.
You are too confused!
Unknown command.
You are too confused!
You hit the orc priest. You tail-slap the orc priest.
The orc priest is heavily wounded.
The orc priest hits you with a +3 flail.
You die...

# #......#...#
#......#...#
#......#.#.#
#......#.#.## ###
#......#.#..#
..###.....<#.#..#
...........#.##.##
....#.....##.##)o#
....#.....##....@#######
....#..........o.[.....#
...)#..................#
....###................#
....# #................#
....# #................#
....# #####............#
....# #............#
#.#.# ##..##########


You could see an orc priest and an orc wizard.

Vanquished Creatures
  An iguana (D:3)
  3 gnolls (D:3)
  An adder (D:2)
  A dart slug (D:2)
  4 orcs (D:3)
  5 ball pythons
  3 bats
  4 endoplasms
  4 giant cockroaches (D:1)
  7 goblins
  2 hobgoblins
  4 jackals (D:2)
  A frilled lizard (D:3)
  8 kobolds
  4 rats
52 creatures vanquished.

Vanquished Creatures (others)
  A demonic plant (D:3)
1 creature vanquished.

Grand Total: 53 creatures vanquished

Notes
Turn   | Place    | Note
-------+----------+-------------------------------------------
     0 | D:1      | barney the Draconian Transmuter began the quest for the
                  | Orb.
     0 | D:1      | Reached XP level 1. HP: 16/16 MP: 3/3
   455 | D:1      | Reached XP level 2. HP: 15/23 MP: 3/5
   676 | D:1      | Reached skill level 3 in Transmutations
  1140 | D:2      | Reached XP level 3. HP: 25/28 MP: 4/6
  1535 | D:2      | Found Rexihonk's Assorted Antiques.
  2377 | D:2      | Reached skill level 4 in Transmutations
  2661 | D:3      | Learned a level 3 spell: Spider Form
  2664 | D:3      | Learned a level 2 spell: Wereblood
  2884 | D:3      | Found a faded altar of an unknown god.
  4201 | D:3      | Reached XP level 4. HP: 35/35 MP: 0/7
  4466 | D:3      | Gained mutation: Your skin changes colour to match your
                  | surroundings (Stealth+). [potion of mutation]
  4466 | D:3      | Gained mutation: Your body sometimes deteriorates upon
                  | taking damage. [potion of mutation]
  4466 | D:3      | Gained mutation: Your spells are a little harder to cast,
                  | but a little more powerful. [potion of mutation]
  4651 | D:3      | Reached skill level 5 in Transmutations
  4844 | D:4      | Noticed Robin
  4850 | D:3      | Slain by an orc priest

Illustrated notes

Levels and vault maps discovered:
D:1:      lightli_arrival_maybe_door_vault, layout_loops_ring,
          chequers_serial_rivers_micro_c, minmay_misc_feat_more_columns
D:2:      layout_basic, serial_shops, shop, minmay_misc_feat_iff
D:3:      layout_basic, shapermc_ecumenical_altar_flowoftime,
          serial_bayou_lagoon_a
D:4:      layout_gridville, gup_sewer_entry_bubbles, serial_park_tiny_2,
          kennysheep_cross_room, uniq_natasha, uniq_robin

Skill      XL: |  1  2  3  4 |
---------------+-------------+-----
Transmutations | 3 4 5 |  5.1
Fighting       | |  1.1
Dodging        | |  1.7
Unarmed Combat | |  3.0
Spellcasting   | |  2.0

Action                   |  1- 3 |  4- 6 || total
-------------------------+-------+-------++-------
Melee: Unarmed           |   139 |    20 ||   159
       Kick              |    11 |       ||    11
       Headbutt          |     6 |       ||     6
       Tailslap          |     9 |     1 ||    10
       Punch             |     1 |       ||     1
 Cast: Beastly Appendage |    25 |       ||    25
       Spider Form       |     8 |     2 ||    10
       Wereblood         |       |     1 ||     1
  Use: Potion            |       |     5 ||     5
Armor: Skin              |    58 |    24 ||    82
Dodge: Dodged            |    99 |    18 ||   117
